Unix NetHack Version 5.0.0-0 post-release - last build May 23 2026 06:08:33 (1c0ff79ee797540d5714e4e18072db0edd9e58ae,branch:main).

Game began 2026-05-24 23:39:08, ended 2026-05-25 03:39:36.

Brudee, neutral female human Tourist

   ---                                        ---
  --.---    ----                     ---     --.--
  |....---- |..---                 ---.---  --...|
  --......---....------            |.....----....|                      ----
   |...............|..|    ------- |......--...---         ---       ----..--
   ---......).).......|   --..|..| --.....<.----        ----.--     --.|....|
     |...........--.---   |..(...-- |.)[...--------------.....|     |.......--
    --......).|.-----    ---......---...------............--..|     --.......--
   --........---|        |............[........----------------      |-%......|
  --...-.....--.----     |.....---......--------    |..--            |).......|
  |..............|.--   --.....| |......-------------...---          |......---
  --....?...........|  --....--- --.--........--.|........------     ---)..(|
   --@...)......(..-- --....--    -------......................|    ---.....|
    |u..E..u.......----.....|  ----     --....................%------..[|..-|
    --.............>....^...----..|      |...........................%--|...|
     ---..........................|      |..........|..............---- ---.|
       |.......................----      --.--..--.---..--..---...-|   ---|.--
       |..................---.--          ------------..||..| |....|   |.-|..|
       |.....----...--..--- ---                     |...|---- ---.--   |..|..|
       ---..--  --.------                           --.--       ---    ---...|
         ----    ---                                 ---                 -----
Brudee the Excursionist     St:14 Dx:14 Co:17 In:13 Wi:14 Ch:14  Neutral S:11036
Dlvl:11 $:57 HP:0(84) Pw:4(38) AC:7  Xp:9/2604 T:9396  Satiated

Latest messages:
 Done.
 The horse turns to flee.
 The horse picks up a dart.
 Autopickup: ON, for $!=+?/" objects.
 Autopickup: OFF.
 The black unicorn butts!
 The black unicorn kicks!
 The black unicorn butts!
 The black unicorn kicks!
 The black unicorn butts!
 The black unicorn kicks!
 What do you want to zap? [npqtxyALNQ or ?*] ?
 In what direction? b
 The sleep ray hits the black unicorn.
 The sleep ray bounces!
 The black unicorn butts!
 The black unicorn kicks!
 The black unicorn butts!
 The black unicorn kicks!
 Are you sure you want to pray? [yn] (n) y
 You begin praying to The Lady.
 You are surrounded by a shimmering light.
 The black unicorn starts to attack you, but pulls back.
 The black unicorn starts to attack you, but pulls back.
 You finish your prayer.
 You feel that The Lady is well-pleased.
 You feel much better.
 The black unicorn butts!
 The black unicorn kicks!
 The black unicorn butts!
 The black unicorn kicks!
 The black unicorn butts!
 The black unicorn kicks!
 You miss the black unicorn.
 The black unicorn butts!
 The black unicorn kicks!
 The black unicorn butts!
 The black unicorn kicks!
 You hit the black unicorn!
 The black unicorn butts!
 The black unicorn kicks!
 The black unicorn butts!
 The black unicorn kicks!
 You hit the black unicorn.
 The black unicorn butts!
 The black unicorn kicks!
 The black unicorn butts!
 You die...
 Do you want your possessions identified? [ynq] (y) y
 Do you want to see your attributes? [ynq] (y) q

Inventory:
 Coins    ('$')
  $ - 57 gold pieces
 Amulets  ('"')
  K - an uncursed amulet of ESP (being worn)
 Weapons  (')')
  a - 10 +2 darts (at the ready)
  k - the blessed rustproof +2 Dragonbane (weapon in right hand)
 Armor    ('[')
  T - an uncursed +0 dwarvish iron helm
  g - an uncursed +0 pair of leather gloves (being worn)
  D - a cursed +0 pair of jumping boots (being worn)
  B - an uncursed +0 cloak of invisibility
  E - an uncursed +0 cloak of magic resistance (being worn)
  l - an uncursed burnt +0 Hawaiian shirt with a ukulele motif (being worn)
 Comestibles  ('%')
  s - 3 uncursed food rations
  z - 2 uncursed food rations
  r - an uncursed tripe ration
  j - an uncursed lizard corpse
 Potions  ('!')
  h - an uncursed potion of see invisible
 Rings    ('=')
  V - a cursed ring of aggravate monster
  J - an uncursed ring of polymorph control
  v - a cursed ring of protection from shape changers
  u - a cursed ring of shock resistance
 Wands    ('/')
  Q - a wand of cancellation (0:5)
  x - a wand of digging (0:7)
  t - a wand of digging (0:3)
  p - a wand of light (0:14)
  N - a cursed wand of lightning (0:6)
  n - a cursed wand of opening (0:5)
  q - a wand of polymorph (0:6)
  A - a wand of polymorph (0:2)
  L - a wand of probing (0:5)
  y - a cursed wand of sleep (0:3)
 Tools    ('(')
  i - a blessed sack containing 15 items
  H - a cursed blindfold
  m - an expensive camera (0:61)
  C - a magic marker (1:99)
  I - a cursed magic marker (0:20)
  c - an uncursed pair of lenses (being worn)
  F - an uncursed skeleton key
 Gems/Stones  ('*')
  O - 6 uncursed worthless pieces of white glass

Contents of the sack:
  3 uncursed tripe rations
  an uncursed scroll of blank paper
  a cursed scroll of blank paper
  a cursed scroll of enchant armor
  an uncursed scroll of fire
  an uncursed scroll of light
  a blessed scroll of magic mapping
  an uncursed scroll of scare monster
  a cursed scroll of teleportation
  a blessed potion of gain level
  a blessed potion of object detection
  a blessed potion of see invisible
  an uncursed potion of see invisible
  2 potions of holy water
  a greased +0 pick-axe

Brudee the Tourist's attributes:

Background:
 You were an Excursionist, a level 9 female human Tourist.
 You were neutral, on a mission for The Lady
 who was opposed by Blind Io (lawful) and Offler (chaotic).
 You were right-handed.
 You were in the Gnomish Mines, on level 11.
 You entered the dungeon 9396 turns ago.
 It was nighttime.
 You had 2604 experience points, 2516 more were needed to attain level 10.
 Your score was 11036 before end-of-game adjustments.

Basics:
 You had 0 out of 84 hit points.
 You had 4 out of 38 energy points (spell power).
 Your armor class was 7.
 Your wallet contained 57 zorkmids.
 Autopickup was off.

Final Characteristics:
 Your strength was 14 (peak:16, limit:18/100).
 Your dexterity was 14 (limit:18).
 Your constitution was 17 (limit:18).
 Your intelligence was 13 (limit:18).
 Your wisdom was 14 (limit:18).
 Your charisma was 14 (limit:18).

Final Status:
 You were satiated.
 You were unencumbered.
 You were wielding a broadsword.
 You had basic skill with broadsword.

Final Attributes:
 You were piously aligned.
 You were magic-protected.
 You were poison resistant.
 You were telepathic.
 You could jump.
 You were warded.
 You had reflection.
 You are dead.

Miscellaneous:
 You encountered 1 bones level.
 Total elapsed playing time was 1 hour, 47 minutes and 34 seconds.

Major events:
 Turn
    1: Brudee the neutral female human Tourist entered the dungeon
 1023: attained the rank of Sightseer (level 3)
 1260: was bestowed with Trollsbane by The Lady
 2965: entered the Gnomish Mines
 3747: attained the rank of Excursionist (level 6)
 4024: reached Mine Town
 7571: was bestowed with Dragonbane by The Lady
 9396: killed by a black unicorn

Spells:
 Name                 Level Category     Fail Retention
 extra healing          3   healing      100%  76%-100%
 clairvoyance           3   divination   100%  76%-100%
 detect monsters        1   divination    14%  76%-100%

Skills:
 Fighting Skills
   bare handed combat [Unskilled]
   two weapon combat  [Unskilled]
   riding             [Unskilled]
 Weapon Skills
   dagger             [Unskilled]
   knife              [Unskilled]
   axe                [Unskilled]
   pick-axe           [Unskilled]
   short sword        [Unskilled]
   broadsword         [Basic]
   long sword         [Unskilled]
   two-handed sword   [Unskilled]
   saber              [Unskilled]
   mace               [Unskilled]
   morning star       [Unskilled]
   flail              [Unskilled]
   hammer             [Unskilled]
   quarterstaff       [Unskilled]
   polearms           [Unskilled]
   spear              [Unskilled]
   trident            [Unskilled]
   lance              [Unskilled]
   bow                [Unskilled]
   sling              [Unskilled]
   crossbow           [Unskilled]
   dart               [Basic]
   shuriken           [Unskilled]
   boomerang          [Unskilled]
   whip               [Unskilled]
   unicorn horn       [Unskilled]
 Spellcasting Skills
   divination spells  [Unskilled]
   enchantment spells [Unskilled]
   escape spells      [Unskilled]

Voluntary challenges:
 Character rerolling was not enabled.
 You never genocided any monsters.
 You never polymorphed an object.
 You never changed form.
 You used no wishes.
Achievements:
 You entered a shop.
 You attained the rank of Sightseer.
 You entered the Gnomish Mines.
 You attained the rank of Excursionist.
 You entered Minetown.
 You entered a temple.

 The Dungeons of Doom: levels 1 to 5
    Level 1:
    Level 2:
       A general store, a sink.
    Level 3:
       Many fountains.
    Level 4:
       An altar to The Lady, a fountain.
       Stairs down to The Gnomish Mines.
    Level 5:
 The Gnomish Mines: levels 5 to 11
    Level 5:
    Level 6:
    Level 7:
       Many shops, a temple and an altar, some fountains, a sink.
    Level 8:
    Level 9:
       A grave.
       Final resting place for
          jspeed-Wiz-Hum-Mal-Neu, killed by a dwarf.
    Level 10:
    Level 11: <- You were here.
       Final resting place for
          you, killed by a black unicorn.


Vanquished creatures:
  a watch captain
  a ghost
  a large mimic
 an ogre leader
  a carnivorous ape
  3 leprechauns
  2 iron piercers
  a gnome ruler
  2 orc mummies
  a dwarf mummy
  2 lizards
  2 chickatrices
  a jaguar
  a dwarf leader
  a blue jelly
  2 dust vortices
  3 human zombies
  a quasit
  a water nymph
  3 rock piercers
  a rock mole
  a pony
  2 fog clouds
  a yellow light
  a shrieker
 11 gnome leaders
  3 gnomish wizards
  2 gray oozes
  3 elf zombies
  2 ghouls
  a straw golem
  a paper golem
  6 giant ants
  a little dog
  4 floating eyes
 13 dwarves
  a homunculus
  a kobold leader
  4 hill orcs
  8 rothes
  a rabid rat
  2 giant bats
  5 monkeys
  2 orc zombies
  a wererat
 an iguana
  4 killer bees
  2 acid blobs
  9 coyotes
  a gas spore
  4 hobbits
  3 manes
  a large kobold
  a hobgoblin
  6 giant rats
  3 cave spiders
  a green mold
  a red mold
 51 gnomes
  a garter snake
  a gnome zombie
  5 geckos
 17 jackals
  a fox
  2 kobolds
  2 goblins
  4 sewer rats
  6 grid bugs
  8 lichens
  a kobold zombie
  7 newts
252 creatures vanquished.

No species were genocided or became extinct.

Game over:
                       ----------
                      /          \
                     /    REST    \
                    /      IN      \
                   /     PEACE      \
                  /                  \
                  |      Brudee      |
                  |      57 Au       |
                  |   killed by a    |
                  |  black unicorn   |
                  |                  |
                  |                  |
                  |       2026       |
                 *|     *  *  *      | *
        _________)/\\_//(\/(/\)/\//\/|_)_______

Aloha Brudee the Tourist...

You died in The Gnomish Mines on dungeon level 11 with 11036 points,
and 57 pieces of gold, after 9396 moves.
You were level 9 with a maximum of 84 hit points when you died.

